woodfighter, lawful female giant Barbarian ^ ----|- ---....--- -...?.....#### |...(...`| # -------- -....?...| ##-.(....| ---....--- |......| ---------- ----.- ###.....{.| |.*......| ------.- +.........## # |......<.|## # |........|### ### ### ---------- ############################## # ### ### -.-+-.-- # --.----- |).....| |?!=DDD| |......| +DDDDDD| |).....| |DD@DDD| -------- |DDDDDD| -------- woodfighter the Brigand Experience level: 12 Strength: 18/02 Dexterity: 19 Constitution: 19 Intelligence: 8 Wisdom: 9 Charisma: 9 Health: 0(109) Energy: 22(22) Def: 21 Gold: 0 Moves: 24815 Dungeon seed: yzDusVWr1RvMKtrb Game ID: woodfighter_1539460920 Your Inventory: Amulets P - a cursed amulet of change U - an uncursed amulet of reflection (being worn) Weapons a - the rustproof +1 Cleaver (weapon in hand) Armor c - an uncursed +0 elven shield (being worn) e - an uncursed very rusty +0 dented pot (being worn) h - an uncursed +0 pair of gauntlets of dexterity z - an uncursed +1 pair of speed boots (being worn) R - an uncursed +0 elven cloak (being worn) Comestibles i - an uncursed apple l - an uncursed tripe ration u - 4 uncursed food rations D - an uncursed egg Z - 2 uncursed lizard corpses Wands d - a wand of digging (0:0) n - a wand of speed monster (0:7) Tools b - an uncursed stethoscope q - a +0 unicorn horn s - a blessed bag of holding t - an uncursed magic lamp w - an uncursed magic whistle y - an uncursed skeleton key V - a +0 pick-axe Gems K - 5 uncursed sapphires Q - a blessed touchstone W - a blessed luckstone Y - an uncursed aquamarine Boulders/Statues f - an uncursed boulder r - an uncursed boulder A - an uncursed boulder F - an uncursed boulder N - an uncursed boulder Contents of the bag of holding: 7637 gold pieces a [uncursed] [+0] cornuthaum a [uncursed] [+0] cornuthaum a [uncursed] [+0] cornuthaum a [cursed] [+0] cornuthaum an uncursed +0 mummy wrapping a [cursed] [+0] pair of speed boots an uncursed eucalyptus leaf 3 uncursed lizard corpses a [blessed] scroll of confuse monster 7 [uncursed] scrolls of create monster a [uncursed] scroll of destroy armor a [uncursed] scroll of enchant weapon a [cursed] scroll of genocide a [uncursed] scroll of magic mapping a [uncursed] scroll of scare monster 2 [uncursed] scrolls of stinking cloud 4 uncursed scrolls of teleportation a cursed potion of booze a [uncursed] potion of booze a [uncursed] potion of extra healing a blessed potion of full healing a [uncursed] potion of full healing 2 [uncursed] potions of gain ability 2 [uncursed] potions of gain level a [cursed] potion of gain level a [uncursed] potion of invisibility a [uncursed] potion of oil a [cursed] potion of sickness 2 [uncursed] potions of speed a [uncursed] ring of invisibility a [uncursed] ring of invisibility a [uncursed] ring of invisibility a [uncursed] ring of levitation a [uncursed] ring of regeneration a [uncursed] ring of shock resistance a [uncursed] ring of shock resistance a [uncursed] ring of shock resistance a [uncursed] ring of shock resistance a [uncursed] ring of shock resistance a [uncursed] ring of shock resistance a [blessed] wand of lightning [0:8] a [uncursed] wand of lightning [0:8] a [uncursed] wand of striking [0:3] a [uncursed] aquamarine 2 [uncursed] black opals 3 [uncursed] chrysoberyls 3 [uncursed] fluorites 3 [uncursed] jaspers a [uncursed] opal a [uncursed] sapphire Spells and supernatural/magical abilities: Name Level Category Fail Memory W - pray for help -- divine ? -- Your skills at the end: Miscellaneous Skills bare handed combat [Basic] shield [Skilled] Weapon Skills axe [Expert] short sword [Basic] sling [Basic] Spellcasting Skills Final Attributes: You were piously aligned. You were cold resistant. You were sleep resistant. You were shock resistant. You were poison resistant. Your writing hand was ok. You saw invisible. You were telepathic. You had infravision. You were invisible to others. You were very stealthy. You were protected. You were very fast. You had reflection. You were extremely lucky. You had extra luck. Good luck did not time out for you. You are dead. Vanquished creatures: an elder blue dragon a green dragon 2 young green dragons 17 baby blue dragons a lurker above a frost giant a ghost a winged gargoyle 3 giant mimics a fire giant an ogre king a stalker an air elemental 4 hill giants 2 giant mummies 4 elf-lords a xorn 6 wargs a winter wolf a quantum mechanic 2 small mimics a glass piercer a warhorse a xan 2 ogre lords a sasquatch 2 pyrolisks 2 large dogs 3 freezing spheres 2 flaming spheres 2 shocking spheres 3 large cats an ochre jelly a crocodile a chameleon a mountain centaur a human mummy a red naga 2 Grey-elves a python 2 wraiths an ettin zombie 2 leather golems a soldier 4 giant beetles 2 cockatrices 3 wolves 4 winter wolf cubs a black light 2 panthers a gremlin 4 leprechauns 3 quivering blobs 5 lizards a mumak 5 giant spiders 2 scorpions an iron piercer a horse 5 vampire bats a forest centaur 6 gnome kings an orc mummy a dwarf mummy an ogre 4 Green-elves 2 rust monsters 2 owlbears 2 yetis 2 gold golems 4 chickatrices a dog a dingo 2 housecats 4 jaguars a dwarf lord 4 blue jellies 2 water nymphs a gray unicorn a black unicorn 2 dust vortices 3 ravens 3 plains centaurs a gnome mummy 2 snakes 4 apes a rope golem 2 soldier ants 3 fire ants 2 yellow lights 3 bugbears a baby crocodile 3 wood nymphs 17 Mordor orcs 18 Uruk-hai 12 orc shamans 4 rock moles 7 rock piercers 2 fog clouds 2 shriekers 2 violet fungi 17 gnome lords 7 gnomish wizards 2 kobold mummies 2 black naga hatchlings a golden naga hatchling 3 gray oozes a ghoul 4 straw golems 12 giant ants 4 puppies 8 floating eyes 6 kittens 7 dwarves 4 homunculi a quasit 3 kobold lords 3 kobold shamans 4 iguanas 9 hill orcs 9 rothes a rabid rat a centipede 7 jitterbugs 5 giant bats 3 monkeys 4 orc zombies 2 dwarf zombies a wererat 7 killer bees a coyote 2 gas spores 4 hobbits 2 acid blobs a large kobold 12 geckos 8 hobgoblins 5 giant rats 5 cave spiders 2 brown molds 3 yellow molds 3 green molds 62 gnomes 2 garter snakes 31 manes 2 gnome zombies 21 jackals 4 foxes 3 kobolds 13 newts 13 goblins 2 sewer rats 10 grid bugs 5 bats 7 lichens 3 kobold zombies 633 creatures vanquished. Voluntary challenges: You did not cause conflict. You were not invisible. You were not displaced. You had been an atheist until turn 2830. You used a wielded weapon 897 times, starting on turn 1. You read items or engraved 11 times, starting on turn 1707. You never genocided any monsters. You polymorphed 1 item, starting on turn 18180. You changed form 1 time, starting on turn 5278. You cheated 2 times but completed Sokoban on turn 8394. You used no wishes. You never split a pudding. You wrote Elbereth's name 2 times, starting on turn 1739. You violated your moral code, losing 1 point of alignment, starting on turn 10162. Dungeon overview: The Dungeons of Doom: levels 1 to 21 Level 1 a fountain a long staircase Level 2 a general store stairs to The Gnomish Mines Level 3 Level 4 Level 5 (vault) Level 6 Level 7 (water + vault) Level 8 Level 9 (vault) a sink stairs to Sokoban Level 10 a general store, a fountain Level 11 an altar to Mitra Level 12 some fountains Level 13 (big room) Level 14 an altar to Crom, a fountain Level 15 (quest) some fountains Level 16 a sink Level 17 (rogue) Level 18 <- You were here a fountain Level 19 Level 20 (blue dragons) Level 21 The Gnomish Mines: levels 3 to 11 Level 3 stairs to The Dungeons of Doom Level 4 Level 5 many shops, a temple to Set, a magic chest, some fountains Level 6 Level 7 Level 8 Level 9 Level 10 Level 11 many altars to Moloch, a magic chest, some fountains Sokoban: levels 5 to 8 Level 5 (white unicorn) a magic chest Level 6 Level 7 a fountain Level 8 an altar to Mitra, a magic chest stairs to The Dungeons of Doom History has recorded: On T:1 you entered the Dungeons of Doom to retrieve the Amulet of Yendor! On T:102 you reached level 2 of The Dungeons of Doom. On T:881 you reached level 1 of The Gnomish Mines. On T:1023 you reached level 3 of The Dungeons of Doom. On T:1147 you advanced to experience level 2. On T:1439 you reached level 4 of The Dungeons of Doom. On T:1824 you advanced to experience level 3. On T:2148 you reached level 5 of The Dungeons of Doom. On T:2380 you advanced to experience level 4. On T:2830 you prayed to Mitra. On T:2965 you reached level 6 of The Dungeons of Doom. On T:3432 you advanced to experience level 5. On T:3562 you reached level 7 of The Dungeons of Doom. On T:4143 you advanced to experience level 6. On T:4291 you prayed to Mitra. On T:4402 you reached level 8 of The Dungeons of Doom. On T:5255 you advanced to experience level 7. On T:5336 you reached level 9 of The Dungeons of Doom. On T:5563 you reached level 4 of Sokoban. On T:5680 you opened a magic chest. On T:5825 you reached level 3 of Sokoban. On T:6359 you reached level 2 of Sokoban. On T:6411 you advanced to experience level 8. On T:6738 you reached level 1 of Sokoban. On T:8394 you entered the Sokoban zoo. On T:8499 you prayed to Mitra. On T:10754 you reached level 2 of The Gnomish Mines. On T:10906 you reached level 3 of The Gnomish Mines. On T:10968 you advanced to experience level 9. On T:11058 you entered the Minetown temple On T:11295 you reached level 4 of The Gnomish Mines. On T:11756 you reached level 5 of The Gnomish Mines. On T:11994 you reached level 6 of The Gnomish Mines. On T:12371 you reached level 7 of The Gnomish Mines. On T:12670 you reached level 8 of The Gnomish Mines. On T:13076 you reached level 9 of The Gnomish Mines. On T:13076 you reached the bottom of the Mines. On T:15009 you reached level 10 of The Dungeons of Doom. On T:15073 you advanced to experience level 10. On T:15087 you reached level 11 of The Dungeons of Doom. On T:15750 you reached level 12 of The Dungeons of Doom. On T:15948 you reached level 13 of The Dungeons of Doom. On T:17912 you reached level 14 of The Dungeons of Doom. On T:18527 you prayed to Mitra. On T:19920 you received Cleaver from Mitra. On T:21964 you reached level 15 of The Dungeons of Doom. On T:22058 you reached level 16 of The Dungeons of Doom. On T:22353 you reached level 17 of The Dungeons of Doom. On T:22353 you entered the Rogue tribute level. On T:22676 you advanced to experience level 11. On T:22749 you reached level 18 of The Dungeons of Doom. On T:23145 you reached level 19 of The Dungeons of Doom. On T:23175 you reached level 20 of The Dungeons of Doom. On T:23892 you reached level 21 of The Dungeons of Doom. On T:24589 you advanced to experience level 12. Score breakdown: Gold: 7637 ( 763 points) Experience: 12 levels ( 1100 points) Exploration: 21 levels ( 600 points) Discoveries: 77 items ( 2000 points) Variety of kills: 156 monsters ( 2000 points) Major goal: Sokoban/Mines ( 1500 points) Survival: died (score multiplied by 3) Total score: 23889 Latest messages: Where do you want to travel to? Where do you want to travel to? With little effort you move the boulder. Where do you want to travel to? n - a wand of speed monster. Your legs get new energy. The young green dragon misses. (2x) The young green dragon claws you! The young green dragon misses. The young green dragon claws you! (2x) The young green dragon bites! The young green dragon claws you! (2x) The young green dragon bites! The young green dragon claws you! (2x) The ancient green dragon bites! The ancient green dragon claws you! (2x) The ancient green dragon bites! You die... Final status: Goodbye woodfighter the Barbarian, killed by an ancient green dragon... You died in The Dungeons of Doom on dungeon level 18 with 23889 points, and 7637 pieces of gold, after 24815 moves. You were level 12 with a maximum of 109 hit points when you died.